 Dungeon Sprint DCSS version 0.26-a0-690-gcb57259078 (webtiles) character file.

Game seed: 10262831497472381315

46 mhtbhm the Slasher (level 3, -4/34 HPs)
             Began as a Barachi Berserker on Oct 23, 2020.
             Was a Priest of Trog.
             Splashed by a jelly's acid (5 damage)
             ... in the Dungeon (Sprint IX: "|||||||||||||||||||||||||||||").
             The game lasted 00:00:09 (71 turns).

mhtbhm the Slasher (Barachi Berserker)                Turns: 71, Time: 00:00:09

Health: -4/34      AC:  2    Str: 19    XL:     3   Next: 66%
Magic:  3/3        EV: 13    Int:  7    God:    Trog [***...]
Gold:   0          SH:  0    Dex: 11    Spells: 2/2 levels left

rFire    . . .     SeeInvis .   a - +0 falchion
rCold    . . .     Faith    .   (no shield)
rNeg     . . .     Spirit   .   b - +0 animal skin
rPois    .         Reflect  .   (no helmet)
rElec    .         Harm     .   (no cloak)
rCorr    .         Rampage  .   (no gloves)
MR       .....     NoTele   +   (no boots)
Stlth    +.........             (no amulet)
HPRegen  0.11/turn              (no ring)
MPRegen  0.08/turn              (no ring)

@: berserk cooldown, slowed, very slow
A: +LOS, swims, slowness 1, strong legs 1
a: Hop, Berserk, Trog's Hand, Renounce Religion


You were in the Dungeon.
You worshipped Trog.
Trog was most pleased with you.
You visited 1 branch

Inventory:

Hand Weapons
 a - a +0 falchion (weapon)
Armour
 b - a +0 animal skin (worn)
Scrolls
 h - a scroll of blinking
Potions
 c - a potion of curing
 d - a potion of heal wounds
 e - a potion of haste
 f - 2 potions of magic
 g - a potion of berserk rage


   Skills:
 + Level 6.0 Fighting
 + Level 6.6 Long Blades
 + Level 3.3 Armour
 + Level 3.4 Dodging


You had 2 spell levels left.
You didn't know any spells.
Your spell library was empty.

Dungeon Overview and Level Annotations

Branches:
Dungeon (1/1)

Altars:


Innate Abilities, Weirdness & Mutations

You can be seen from farther away. (+LOS)
You can swim through water.
You cover ground slowly.
You can hop short distances.


Message History

The shadow imp is lightly wounded.
There is an open door here.
You see here a +0 scale mail.
You slash the shadow imp!
You kill the shadow imp!
Trog accepts your kill.
Your Fighting skill increases to level 6!
You slash the giant cockroach zombie!
You destroy the giant cockroach zombie!
Trog accepts your kill.
You are no longer berserk.
You are exhausted.
You feel yourself slow down. The jelly hits you.
* * * LOW HITPOINT WARNING * * *
You are splashed with acid!
* * * LOW HITPOINT WARNING * * *
The jelly closely misses you.
You hit the jelly.
Your hands burn!
You die... ▓▓▓▓▓▓▓▓▓▓▓▓▓▓▓▓▓▓ +...J@[....††...<▓ ▓▓▓▓▓▓▓▓▓▓▓▓▓▓▓▓▓▓

You could see a jelly.

Vanquished Creatures
  An iguana (D)
  A shadow imp (D)
  An ooze (D)
  An orc (D)
  A bat (D)
  A hobgoblin (D)
  A kobold (D)
  A frilled lizard (D)
  A giant cockroach zombie (D)
9 creatures vanquished.

Notes
Turn   | Place    | Note
-------+----------+-------------------------------------------
     0 | D        | mhtbhm the Barachi Berserker began the quest for the Orb.
     0 | D        | Reached XP level 1. HP: 18/18 MP: 1/1
    10 | D        | Reached ** piety under Trog
    16 | D        | Reached XP level 2. HP: 26/26 MP: 2/2
    65 | D        | Reached skill level 5 in Fighting
    65 | D        | Reached XP level 3. HP: 17/34 MP: 3/3
    66 | D        | Reached *** piety under Trog
    70 | D        | HP: 1/34 [acid (9)]
    71 | D        | Splashed by a jelly's acid

Illustrated notes

Levels and vault maps discovered:
D:        linesprint [early_d, line_temple, items_1, d_10, items_2, lair_1,
          lair_end, items_3, orc_1, orc_end, items_4, d_15, swamp_1, shoals_1,
          snake_1, spider_1, d_20, vaults_1, items_5, swamp_end, shoals_end,
          snake_end, spider_end, vaults_end, d_27, items_6, zot_1, zot_end,
          crypt_end, forest_end, elf_end, slime_end, tomb_end, abyss_end,
          pan_hell_end]

Skill      XL: |  1  2  3 |
---------------+----------+-----
Fighting       | 4 5 6 |  6.0
Long Blades    | 4 6 |  6.6
Armour         | 3 |  3.3
Dodging        | 3 |  3.4

Action                   || total
-------------------------++-------
Melee: Falchion          ||    22
Invok: Berserk           ||     2
Armor: Animal skin       ||     4
Dodge: Dodged            ||     9
       Rpst.: Falchion   ||     3

Table legend: (Time is in decaauts)
 A = Elapsed time spent in this place.
 B = Non-inter-level travel time spent in this place.
 C = Inter-level travel time spent in this place.
 D = Time resting spent in this place.
 E = Time spent auto-exploring this place.
 F = Levels seen in this place.
 G = Mean time per level.
                   A        B        C        D        E       F      G
               +--------+--------+--------+--------+--------+-----+--------+
         Total |     76 |     76 |      0 |     45 |      3 |   1 |   76.0 |
       Dungeon |     76 |     76 |      0 |     45 |      3 |   1 |   76.0 |
               +--------+--------+--------+--------+--------+-----+--------+

Top non-repeatable levels by time:
       D: 76 daAuts
